 Dungeon Crawl Stone Soup version 0.27.1-34-g3ba077fa99 (webtiles) character file.

Game seed: 3730631957973700995

107 Kraken2834 the Chopper (level 4, -2/41 HPs)
             Began as a Hill Orc Monk on Jan 6, 2022.
             Splashed by Ijyb's acid (8 damage)
             ... on level 3 of the Dungeon.
             The game lasted 00:03:10 (3197 turns).

Kraken2834 the Chopper (Hill Orc Monk)              Turns: 3197, Time: 00:03:14

Health: -2/41      AC: -2    Str: 14    XL:     4   Next: 85%
Magic:  4/4        EV: 12    Int: 10    God:
Gold:   71         SH:  0    Dex: 13    Spells: 3/3 levels left

rFire    . . .     SeeInvis .   a - +0 hand axe
rCold    . . .     Faith    .   (no shield)
rNeg     . . .     Spirit   .   b - +0 robe
rPois    .         Reflect  .   (no helmet)
rElec    .         Harm     .   (no cloak)
rCorr    .         Rampage  .   (no gloves)
Will     .....                  (no boots)
Stlth    ++........             (no amulet)
HPRegen  0.13/turn              (no ring)
MPRegen  0.09/turn              (no ring)

@: corroded
A: no striking features
a: no special abilities


You were on level 3 of the Dungeon.
You visited 1 branch of the dungeon, and saw 3 of its levels.

You collected 71 gold pieces.

Inventory:

Hand Weapons
 a - a +0 hand axe (weapon)
Armour
 b - a +0 robe (worn)
Scrolls
 d - a scroll of identify {unknown}
 f - a scroll of immolation {unknown}
 g - a scroll of amnesia {unknown}
 j - a scroll of fog {unknown}
 k - a scroll of teleportation {unknown}
Potions
 c - a potion of haste {unknown}
 e - a potion of flight {unknown}
 h - a potion of might {unknown}
 i - a potion of attraction {unknown}


   Skills:
 + Level 4.8 Fighting
 + Level 6.1 Axes
 - Level 2.5 Dodging
 - Level 1.6 Stealth


You had 3 spell levels left.
You didn't know any spells.
Your spell library contained the following spells:

 Spells                   Type           Power      Damage    Failure   Level
 Sting                    Tmut/Pois      0%         1d3       36%         1
 Poisonous Vapours        Pois/Air       0%         N/A       50%         2
 Olgreb's Toxic Radiance  Pois           0%         N/A       98%         4


Dungeon Overview and Level Annotations

Branches:
Dungeon (3/15)

Altars:

Annotations:
D:3 Ijyb


Message History

The orc wizard is almost dead.
The orc wizard barely misses you.
You hit the orc wizard.
You kill the orc wizard!
Your Axes skill increases to level 6!
Things that are here:
a +0 dagger; a +0 robe; an orc corpse You start resting.
Ijyb the Twisted Goblin comes into view.
She is wielding a +0 club, wearing a +3 scale mail of positive energy and carrying a wand of acid (10).
Press: ? - help, v - describe, . - travel, g - get item
Items here: a +0 dagger; a +0 robe; an orc corpse.
The floor, spattered with blood.
You start resting.
Ijyb is nearby!
Ijyb is nearby!
You start resting.
Ijyb is nearby!
Ijyb barely misses you.
You hit Ijyb.
Ijyb is lightly wounded.
Ijyb zaps a wand.
The bolt of acid misses you.
You hit Ijyb but do no damage.
Ijyb is lightly wounded.
Ijyb barely misses you.
You closely miss Ijyb.
Ijyb is lightly wounded.
Ijyb zaps a wand.
The bolt of acid misses you.
You hit Ijyb but do no damage.
Ijyb is lightly wounded.
Ijyb hits you with a +0 club.
You hit Ijyb.
Ijyb is lightly wounded.
Ijyb hits you with a +0 club.
You hit Ijyb but do no damage.
Ijyb is lightly wounded.
Ijyb zaps a wand.
The bolt of acid hits you!!
Ouch! That really hurt!
* * * LOW HITPOINT WARNING * * *
The acid corrodes you!
You are splashed with acid!
You die...

#... #.................. #..
#.#.............##.
#.#..##..#.†.#..##
#.#..##..#...#...#
#.#................
##.#######.#..##..#.........
...........................
........................... ##.
#.###.####@g.##..#..##...#. ...
#.# #.####...##..#..##.....
##.####.###.#.##...##......#...#.
............................. ..
#............##...........#.#
#......###.#.##....#..#...#.#
#......# #.#)##.............
##..†...###.#.##.......#...#.
...............†...........#


You could see Ijyb.

Vanquished Creatures
  An orc wizard (D:3)
  3 adders (D:3)
  5 dart slugs
  An orc (D:3)
  4 ball pythons (D:1)
  3 endoplasms
  3 giant cockroaches
  3 goblins
  2 hobgoblins
  5 kobolds
  3 quokkas
  5 bats
  A frilled lizard (D:3)
  5 rats
44 creatures vanquished.

Notes
Turn   | Place    | Note
-------+----------+-------------------------------------------
     0 | D:1      | Kraken2834 the Hill Orc Monk began the quest for the Orb.
     0 | D:1      | Reached XP level 1. HP: 19/19 MP: 1/1
   299 | D:1      | Reached XP level 2. HP: 23/27 MP: 2/2
   892 | D:1      | Reached XP level 3. HP: 33/33 MP: 3/3
  1707 | D:2      | Reached skill level 5 in Axes
  2630 | D:3      | Reached XP level 4. HP: 25/41 MP: 4/4
  3022 | D:3      | Reached skill level 6 in Axes
  3031 | D:3      | Noticed Ijyb
  3197 | D:3      | Splashed by Ijyb's acid

Illustrated notes

Levels and vault maps discovered:
D:1:      dpeg_arrival_pits, layout_basic
D:2:      layout_basic, minivault_27
D:3:      layout_basic, serial_curves, eino_curves_02, eino_curves_03, uniq_ijyb

Skill      XL: |  1  2  3  4 |
---------------+-------------+-----
Fighting       | 4 |  4.8
Axes           | 5 6 |  6.1
Dodging        | |  2.5
Stealth        | |  1.6

Action                   |  1- 3 |  4- 6 || total
-------------------------+-------+-------++-------
Melee: Hand axe          |   108 |    35 ||   143
 Stab: Sleeping          |     9 |       ||     9
Armor: Robe              |    18 |     8 ||    26
Dodge: Dodged            |    56 |    19 ||    75
